 Dungeon Crawl Stone Soup version 0.26-a0-690-gcb57259078 (webtiles) character file.

Game seed: 17486559335252914901

1292 jasper the Cruncher (level 8, -3/52 HPs)
             Began as a Formicid Fighter on Oct 24, 2020.
             Was a Follower of Hepliaklqana.
             Slain by an ogre
             ... wielding a +0 giant club
              (28 damage)
             ... on level 5 of the Dungeon.
             The game lasted 00:07:10 (4457 turns).

jasper the Cruncher (Formicid Fighter)              Turns: 4457, Time: 00:07:10

Health: -3/52      AC: 14    Str: 23    XL:     8   Next: 86%
Magic:  8/8        EV:  4    Int:  8    God:    Hepliaklqana [*.....]
Gold:   254        SH:  9    Dex: 10    Spells: 7/7 levels left

rFire    + . .     SeeInvis +   a - +0 quarterstaff
rCold    x . .     Faith    .   c - +0 kite shield
rNeg     . . .     Spirit   .   w - +0 plate armour
rPois    .         Reflect  .   (helmet unavailable)
rElec    .         Harm     .   e - +2 cloak
rCorr    .         Rampage  .   (no gloves)
MR       .....                  (no boots)
Stlth    ..........             y - amulet of regeneration
HPRegen  0.57/turn              v - ring of fire
MPRegen  0.11/turn              (no ring)

@: no status effects
A: permanent stasis, dig shafts and tunnels, four strong arms, reduced essence,
antennae 3
a: Dig, Shaft Self, Recall Ancestor, Ancestor Identity, Renounce Religion


You were on level 5 of the Dungeon.
You worshipped Hepliaklqana.
Hepliaklqana was aware of your devotion.
You visited 1 branch of the dungeon, and saw 5 of its levels.
You also visited: Sewer.

You collected 254 gold pieces.

Inventory:

Hand Weapons
 a - a +0 quarterstaff (weapon)
Missiles
 p - 131 stones (quivered)
Armour
 b - a +0 scale mail
 c - a +0 kite shield (worn)
 e - a +2 cloak (worn)
 w - a +0 plate armour (worn)
Jewellery
 v - a ring of fire (left hand)
 y - an amulet of regeneration (around neck)
Scrolls
 h - a scroll of enchant weapon {unknown}
 i - 3 scrolls of teleportation {unknown}
 l - a scroll of blinking {unknown}
 n - 3 scrolls of enchant armour {unknown}
 q - a scroll of immolation {unknown}
 s - 8 scrolls of identify {unknown}
 t - 3 scrolls of remove curse {unknown}
 u - 2 scrolls of fear {unknown}
Potions
 f - 4 potions of flight {unknown}
 g - 4 potions of lignification {unknown}
 j - 5 potions of curing {unknown}
 k - a potion of ambrosia {unknown}
 m - a potion of berserk rage {unknown}
 o - a potion of mutation {unknown}
 r - 3 potions of degeneration {unknown}
 x - 3 potions of brilliance {unknown}
 z - a potion of invisibility {unknown}
 A - a potion of resistance {unknown}
 B - 7 potions of heal wounds {unknown}
 C - 2 potions of stabbing {unknown}


   Skills:
 - Level 3.2 Fighting
 + Level 10.2 Staves
 - Level 3.2 Armour
 - Level 3.6 Shields


You had 7 spell levels left.
You didn't know any spells.
Your spell library was empty.

Dungeon Overview and Level Annotations

Branches:
Dungeon (5/15)             Temple (0/1) D:4           Sewer (visited)

Altars:
Fedhas
Hepliaklqana


Innate Abilities, Weirdness & Mutations

You cannot be hasted, slowed, berserked, paralysed or teleported.
You can dig through walls and to a lower floor.
Your four strong arms can wield two-handed weapons with a shield.
You have a pair of large antennae on your head. (SInv)
Your life essence is reduced to manifest your ancestor. (-10% HP)


Message History

Friðuswiþ barely misses the ogre.
You block the ufetubus's attack. The ufetubus completely misses you.
You miss the ufetubus. You block the ufetubus's attack.
The ufetubus hits you but does no damage.
Friðuswiþ hits the ogre.
You hit the ufetubus.
The ufetubus is heavily wounded.
The ufetubus hits you but does no damage. x2
Friðuswiþ hits the ogre.
You barely miss the ufetubus.
The ufetubus is heavily wounded.
The ufetubus hits you but does no damage. x2
You hit the ufetubus.
You kill the ufetubus!
Friðuswiþ hits the ogre.
You sock the ogre!
The ogre is almost dead.
The ogre hits you with a +0 giant club!!
Ouch! That really hurt!
You die...

#
#.#####.........#
#.# ##....###.###
{ #.#
##.#........ #.#
#.#..#####.#
#.#..# .. #....#
# { #.# ###..#
#.# #..#####.#
###### #.#
#.@....... ......
#.# #O########
##### ##.##
#R.)..# # #...##
#.###.# #
.....##########.#
#.# #
............R...#
#.# #
.....##########.#
#.# # .........
#.# #.# #
##.#####.# #.#
#.# #


You could see the friendly Friðuswiþ the ancestor and an ogre.

Vanquished Creatures
  Duvessa (D:5)
  A phantom (D:4)
  3 big kobolds (Sewer)
  Dowan (D:5)
  A water moccasin zombie (D:5)
  A jelly (D:2)
  2 orc priests
  4 orc wizards (D:4)
  2 worker ants
  A hound skeleton (D:4)
  4 gnolls (D:5)
  11 adders
  7 river rats (Sewer)
  An ufetubus (D:5)
  4 oozes
  4 worms
  4 dart slugs
  5 leopard geckos
  6 orcs
  3 ball pythons
  5 giant cockroaches
  7 goblins
  9 hobgoblins
  5 jackals
  16 kobolds
  3 quokkas
  4 bats
  7 frilled lizards
  23 rats
145 creatures vanquished.

Vanquished Creatures (collateral kills)
  An ogre (D:5)
  A howler monkey (D:4)
  An adder (Sewer)
  2 river rats (Sewer)
  An adder skeleton (D:4)
  An orc (D:3)
  A giant cockroach (D:4)
  2 jackals (D:5)
  A kobold (Sewer)
  4 rats (Sewer)
15 creatures vanquished.

Vanquished Creatures (others)
  2 ancestors
  20 plants (D:4)
22 creatures vanquished.

Grand Total: 182 creatures vanquished

Notes
Turn   | Place    | Note
-------+----------+-------------------------------------------
     0 | D:1      | jasper the Formicid Fighter began the quest for the Orb.
     0 | D:1      | Reached XP level 1. HP: 18/18 MP: 1/1
    35 | D:1      | Reached XP level 2. HP: 15/24 MP: 2/2
   263 | D:1      | Reached skill level 3 in Staves
   270 | D:1      | Reached XP level 3. HP: 29/29 MP: 3/3
   955 | D:2      | Reached skill level 4 in Staves
   955 | D:2      | Reached XP level 4. HP: 5/35 MP: 4/4
  1427 | D:2      | Found a blossoming altar of Fedhas.
  1826 | D:3      | Reached XP level 5. HP: 41/41 MP: 5/5
  2004 | D:3      | Reached skill level 5 in Staves
  2141 | D:3      | Found a hazy altar of Hepliaklqana.
  2355 | D:3      | Became a worshipper of Hepliaklqana the Forgotten
  2445 | D:3      | Found a faded altar of an unknown god.
  2743 | D:4      | Noticed a phantom
  2777 | D:4      | Reached XP level 6. HP: 42/42 MP: 6/6
  2792 | D:4      | Killed a phantom
  2792 | D:4      | Reached skill level 6 in Staves
  2927 | D:4      | Reached * piety under Hepliaklqana
  2959 | D:4      | Reached XP level 7. HP: 45/46 MP: 7/7
  3075 | D:4      | Reached skill level 7 in Staves
  3247 | D:4      | Found a staircase to the Ecumenical Temple.
  3514 | D:5      | Entered Level 5 of the Dungeon
  3549 | D:5      | Found a glowing drain.
  3567 | Sewer    | Entered a sewer
  3678 | Sewer    | Reached skill level 8 in Staves
  3782 | Sewer    | Reached XP level 8. HP: 39/52 MP: 8/8
  3903 | Sewer    | Reached skill level 9 in Staves
  4171 | D:5      | Noticed Dowan
  4171 | D:5      | Noticed Duvessa
  4189 | D:5      | Killed Duvessa
  4193 | D:5      | Killed Dowan
  4199 | D:5      | Reached skill level 10 in Staves
  4457 | D:5      | Slain by an ogre

Illustrated notes

Levels and vault maps discovered:
D:1:      scummos_arrival_forest, layout_basic
D:2:      layout_rooms, fedhas_altar_3, kennysheep_generic_room_3
D:3:      layout_loops_ring, lemuel_doored_altar,
          chequers_ecumenical_altar_simple_redux, minmay_pentangle
D:4:      layout_basic, minmay_temple_entry_hall, serial_bayou,
          serial_bayou_pond_a, serial_bayou_lagoon_b, serial_bayou_lake_a,
          serial_bayou_shore_b
D:5:      layout_loops_ring, cheibrodos_sewer_entry_bend, uniq_duvessa

Skill      XL: |  1  2  3  4  5  6  7  8 |
---------------+-------------------------+-----
Staves         | 3 4 5 6 8 10 | 10.2
Fighting       | |  3.2
Armour         | |  3.2
Shields        | |  3.6

Action                   |  1- 3 |  4- 6 |  7- 9 || total
-------------------------+-------+-------+-------++-------
Melee: Quarterstaff      |   120 |   151 |   248 ||   519
Throw: Stone             |       |     6 |       ||     6
 Abil: Dig               |       |     2 |     1 ||     3
  Use: Potion            |       |       |     1 ||     1
 Stab: Distracted        |       |       |     2 ||     2
Armor: Scale mail        |    44 |    32 |       ||    76
       Plate armour      |       |    27 |   164 ||   191
Dodge: Dodged            |    36 |    34 |    32 ||   102
Block: Kite shield       |    61 |    60 |   120 ||   241

Table legend: (Time is in decaauts)
 A = Elapsed time spent in this place.
 B = Non-inter-level travel time spent in this place.
 C = Inter-level travel time spent in this place.
 D = Time resting spent in this place.
 E = Time spent auto-exploring this place.
 F = Levels seen in this place.
 G = Mean time per level.
                   A        B        C        D        E       F      G
               +--------+--------+--------+--------+--------+-----+--------+
         Total |   4560 |   4363 |    197 |    108 |   3189 |   6 |  760.0 |
       Dungeon |   3984 |   3787 |    197 |    107 |   2862 |   5 |  796.8 |
         Sewer |    576 |    576 |      0 |      1 |    326 |   1 |  576.0 |
               +--------+--------+--------+--------+--------+-----+--------+

Top non-repeatable levels by time:
     D:2: 940 daAuts
     D:3: 937 daAuts
     D:1: 900 daAuts
     D:4: 836 daAuts
   Sewer: 576 daAuts
     D:5: 369 daAuts
